 Dungeon Crawl Stone Soup version 0.31.0-7-gf635a9b802 (webtiles) character file.

Game seed: 5387368073241917818

1306 Amaterasu the Grappler (level 8, -1/68 HPs)
             Began as a Ghoul Monk on Jan 23, 2024.
             Killed by divine providence
             ... invoked by an orc priest
              (14 damage)
             ... on level 6 of the Dungeon.
             The game lasted 00:08:50 (5077 turns).

Amaterasu the Grappler (Ghoul Monk)                 Turns: 5077, Time: 00:08:51

Health: -1/68      AC: 15    Str: 17    XL:     8   Next: 57%
Magic:  8/8        EV: 11    Int: 15    God:
Gold:   265        SH:  0    Dex: 11    Spells: 7/7 levels left

rFire   . .          .
                       - Unarmed
rCold   + . .        c - orb {light}
rNeg    + + +        v - +5 ring mail of the Circus Animal {Regen+ Int+6}
rPois   ∞            k - +1 helmet
rElec   .            r - +0 cloak
rCorr   .            u - +0 pair of gloves
SInv    +            (no boots)
Will    .....        t - amulet of regeneration Stlth
                     m - ring of see invisible
HPRegen 0.00/turn    (no ring)
MPRegen 0.11/turn

%: no passive effects
@: inhibited regen, hasted, glowing, very quick
A: claws 1, cold resistance 1, negative energy resistance 3, inhibited
regeneration, torment resistance 2, devour on kill
a: no special abilities


You were on level 6 of the Dungeon.
You visited 1 branch of the dungeon, and saw 6 of its levels.

You collected 265 gold pieces.

Inventory:

Missiles
 j - 6 curare-tipped darts (quivered)
 x - 3 poisoned darts
Armour
 c - an orb of light (worn)
 k - a +1 helmet (worn)
 r - a +0 cloak (worn)
 u - a +0 pair of gloves (worn)
 v - the +5 ring mail of the Circus Animal (worn) {Regen+ Int+6}
   (You found it on level 5 of the Dungeon)

   Int+6:     It affects your intelligence (+6).
   Regen+:    It increases your rate of health regeneration.
Jewellery
 m - a ring of see invisible (left hand)
 t - an amulet of regeneration (around neck)
Wands
 f - a wand of paralysis (7)
Scrolls
 a - 4 scrolls of immolation
 h - a scroll of revelation
 i - a scroll of vulnerability
 l - a scroll of fog
 s - a scroll of torment
 w - a scroll of teleportation
Potions
 d - 3 potions of lignification
 e - 2 potions of enlightenment {unknown}
 g - 3 potions of mutation
 n - a potion of curing {unknown}
 p - 4 potions of heal wounds {unknown}
 q - a potion of brilliance {unknown}


   Skills:
 * Level 5.1 Fighting
 - Level 4.0 Armour
 * Level 2.9 Dodging
 * Level 9.5 Unarmed Combat


You had 7 spell levels left.
You didn't know any spells.
Your spell library contained the following spells:

 Spells                   Type           Power      Damage    Failure   Level
 Blink                    Tloc           0%         N/A       56%         2
 Lesser Beckoning         Tloc           0%         N/A       56%         2
 Momentum Strike          Conj/Tloc      0%         3d8       56%         2


Dungeon Overview and Level Annotations

Branches:
Dungeon (6/15)
 Temple: D:4-7

Altars:

Shops:
D:1 [


Innate Abilities, Weirdness & Mutations

You are immune to poison.
You have sharp fingernails.
Your flesh is cold resistant. (rC+)
You are immune to negative energy. (rN+++)
You do not regenerate when monsters are visible.
You are immune to unholy pain and torment.
You thrive by killing the living.


Message History

* * * LOW HITPOINT WARNING * * *
The water moccasin bites you but does no damage.
You barely miss the water moccasin.
The water moccasin bites you but does no damage.
You punch the water moccasin!
The water moccasin is moderately wounded.
The water moccasin barely misses you.
The orc priest invokes the aid of Beogh against you.
Beogh smites you!
* * * LOW HITPOINT WARNING * * *
You feel yourself speed up. The water moccasin bites you.
* * * LOW HITPOINT WARNING * * *
You hit the water moccasin.
The water moccasin is heavily wounded.
The water moccasin completely misses you.
You hit the water moccasin but do no damage.
The water moccasin is heavily wounded.
The water moccasin bites you.
* * * LOW HITPOINT WARNING * * *
You punch the water moccasin!
The water moccasin is severely wounded.
You punch the water moccasin!
You kill the water moccasin!
You feel better.
Training target 4.0 for Armour reached!
Your Armour skill increases to level 4!
The orc hits you with a +0 hand axe.
* * * LOW HITPOINT WARNING * * *
You hit the orc.
The orc is heavily wounded.
The orc hits you with a +0 flail.
* * * LOW HITPOINT WARNING * * *
You punch the orc!
You kill the orc!
You feel better. The orc hits you with a +0 hand axe.
* * * LOW HITPOINT WARNING * * *
The orc priest mumbles some strange prayers to Beogh against you.
Beogh smites you!
You die...

. $.. ..##..##. ..
#...###... #.#......
...#........... .........
.. ........#... #......
.###....#..#.#. #...#
>.##...# #.....####)..##..
.......# #......o..........
..[....###......o..#.......
........##.....#@###...#...
..................# #..# ..
.................## #..# .
.........##.....## .....
###.....###.....##....... #
##....##.............
##.#...##..........#..
#.........#.....##....
#...#.............##.#


You could see an orc priest and an orc.

Vanquished Creatures
  Sigmund (D:5)
  A steam dragon (D:4)
  A water moccasin (D:6)
  An ice beast (D:5)
  A black bear (D:3)
  A scorpion (D:5)
  A howler monkey (D:5)
  3 bombardier beetles (D:5)
  A jelly (D:5)
  A hound (D:5)
  3 orc priests
  Crazy Yiuf (D:3)
  Jessica (D:2)
  Natasha (D:2)
  4 orc wizards
  Robin (D:2)
  8 adders
  2 dart slugs
  2 ribbon worms (D:3)
  21 orcs
  9 bats
  3 endoplasms
  6 giant cockroaches
  9 hobgoblins
  3 quokkas
  9 ball pythons
  3 frilled lizards
  16 goblins
  5 kobolds
  7 rats
126 creatures vanquished.

Notes
Turn   | Place    | Note
-------+----------+-------------------------------------------
     0 | D:1      | Amaterasu the Ghoul Monk began the quest for the Orb.
     0 | D:1      | Reached XP level 1. HP: 19/19 MP: 1/1
   122 | D:1      | You fall into a shaft and drop 1 floor!
   283 | D:1      | Found Riuts's Antique Armour Shoppe.
   302 | D:1      | Found a faded altar of an unknown god.
   339 | D:1      | Reached XP level 2. HP: 25/26 MP: 2/2
  1031 | D:2      | Reached skill level 4 in Unarmed Combat
  1031 | D:2      | Reached XP level 3. HP: 33/33 MP: 3/3
  1314 | D:2      | Noticed Robin
  1339 | D:2      | Killed Robin
  1340 | D:2      | Reached skill level 1 in Armour
  1351 | D:2      | Reached XP level 4. HP: 25/40 MP: 4/4
  1496 | D:2      | Noticed Natasha
  1502 | D:2      | Killed Natasha
  1547 | D:2      | Noticed Jessica
  1552 | D:2      | Killed Jessica
  1553 | D:2      | Reached skill level 5 in Unarmed Combat
  1553 | D:2      | Reached XP level 5. HP: 46/46 MP: 5/5
  1827 | D:3      | Noticed a black bear
  1838 | D:3      | Killed a black bear
  2121 | D:3      | Reached skill level 6 in Unarmed Combat
  2121 | D:3      | Reached XP level 6. HP: 42/52 MP: 6/6
  2747 | D:3      | Found a runed translucent door.
  2748 | D:3      | Noticed Crazy Yiuf
  2758 | D:3      | Killed Crazy Yiuf
  3534 | D:4      | Noticed a steam dragon
  3576 | D:4      | Killed a steam dragon
  3577 | D:4      | Reached skill level 7 in Unarmed Combat
  3577 | D:4      | Reached XP level 7. HP: 48/60 MP: 7/7
  4350 | D:5      | Entered Level 5 of the Dungeon
  4517 | D:5      | Reached skill level 8 in Unarmed Combat
  4604 | D:5      | Identified the +5 ring mail of the Circus Animal {Regen+
                  | Int+6}
  4633 | D:5      | Reached XP level 8. HP: 67/67 MP: 8/8
  4665 | D:5      | Noticed Sigmund
  4694 | D:5      | Killed Sigmund
  4695 | D:5      | Reached skill level 5 in Fighting
  4695 | D:5      | Reached skill level 9 in Unarmed Combat
  5077 | D:6      | Killed from afar by an orc priest

Illustrated notes

Levels and vault maps discovered:
D:1:      scummos_arrival_checkerplants, layout_basic,
          hellmonk_ecumenical_altar_blasted, serial_shops,
          nicolae_shop_just_a_little_nook
D:2:      layout_loops_cross, uniq_jessica, uniq_natasha, uniq_robin
D:3:      layout_loops_ring, amethyst_killhole, minmay_crystal_water,
          chequers_mini_garden, uniq_crazy_yiuf_cottage
D:4:      cheibrodos_helix_gallery, layout_layer_cave, grunt_decor_resistance
D:5:      layout_cave_pools, uniq_sigmund
D:6:      layout_cave_pools, gammafunk_ghost_abyssal_escape

Skill      XL: |  1  2  3  4  5  6  7  8 |
---------------+-------------------------+-----
Unarmed Combat | 4 5 6 7 8 9 |  9.5
Armour         | 1 2 3 4 |  4.0
Fighting       | 4 5 |  5.1
Dodging        | |  2.9

Action                     |  1- 3 |  4- 6 |  7- 9 || total
---------------------------+-------+-------+-------++-------
  Melee: Unarmed           |    91 |   127 |   133 ||   351
    Use: Scroll            |     5 |     3 |     5 ||    13
         Potion            |       |     1 |     1 ||     2
 Armour: Ring mail         |    53 |    59 |    63 ||   175
         Robe              |     4 |       |       ||     4
         Chain mail        |       |    20 |    32 ||    52
  Dodge: Dodged            |    61 |    65 |    57 ||   183
